 Dungeon Crawl Stone Soup version 0.29.0-4-gdea44cf6ec (webtiles) character file.

Game seed: 8224547557340391260

590 qw the Cleaver (level 7, -8/41 HPs)
             Began as a Tengu Warper on Aug 29, 2022.
             Mangled by a shadow (18 damage)
             ... on level 5 of the Dungeon.
             The game lasted 00:02:04 (5057 turns).

qw the Cleaver (Tengu Warper)                       Turns: 5057, Time: 00:02:04

Health: -8/41      AC: 12    Str: 13    XL:     7   Next: 38%
Magic:  11/11      EV: 11    Int: 14    God:
Gold:   208        SH:  0    Dex: 13    Spells: 10/10 levels left

rFire   . . .      SeeInvis .   Y - +1 war axe
rCold   . . .      Faith    .   (no shield)
rNeg    . . .      Spirit   .   p - +0 scale mail
rPois   .          Reflect  .   (helmet restricted)
rElec   .          Harm     .   n - +1 cloak
rCorr   .          Rampage  .   (no gloves)
Will    .....                   (boots unavailable)
Stlth   ..........              (no amulet)
HPRegen 0.13/turn               j - +4 ring of protection
MPRegen 0.12/turn               (no ring)

@: flying quickly and evasively, quick
A: beak, talons 3, nimble flight
a: no special abilities


You were on level 5 of the Dungeon.
You visited 2 branches of the dungeon, and saw 6 of its levels.

You collected 208 gold pieces.


Innate Abilities, Weirdness & Mutations

You have a beak for a mouth.
You have claws for feet.
Your magical nature lets you fly swiftly and evasively.


   Skills:
 - Level 3.2 Fighting
 - Level 8.0 Axes
 + Level 1.0 Throwing
 - Level 2.0 Armour
 - Level 2.1 Dodging
 - Level 2.0 Spellcasting
 - Level 2.4 Translocations


You had 10 spell levels left.
You didn't know any spells.
Your spell library contained the following spells:

 Spells                   Type           Power      Damage    Failure   Level
 Blink                    Tloc           16%        N/A       54%         2
 Gell's Gravitas          Tloc           8%         N/A       77%         3
 Lesser Beckoning         Tloc           8%         N/A       77%         3
 Teleport Other           Tloc           8%         N/A       77%         3
 Manifold Assault         Tloc           8%         N/A       100%        5

Inventory:

Hand Weapons
 a - a +0 flail
 Y - a +1 war axe (weapon)
Missiles
 g - a javelin (quivered)
Armour
 n - a +1 cloak (worn)
 p - a +0 scale mail (worn)
Jewellery
 j - a +4 ring of protection (left hand)
Scrolls
 h - a scroll of identify
Potions
 b - a potion of cancellation {unknown}
 c - a potion of heal wounds {unknown}
 f - 5 potions of curing
 i - a potion of ambrosia {unknown}
 l - a potion of berserk rage {unknown}

Dungeon Overview and Level Annotations

Branches:
Dungeon (5/15)             Temple (1/1) D:4

Altars:
Ashenzari
Dithmenos
Elyvilon
Nemelex Xobeh
Qazlal
Ru
Sif Muna
Uskayaw
Vehumet
Xom
Yredelemnul
Zin
The Shining One
Lugonu

Annotations:
D:4 1 runed translucent door, Crazy Yiuf


Message History

The shadow flickers and vanishes!
Deactivating autopickup; reactivate with Ctrl-A.
You swing at nothing.
You barely miss something.
The shadow strikes at you from the darkness!
Reactivating autopickup.
You hit the shadow but do no damage.
The shadow slips into darkness.
The shadow flickers and vanishes!
Deactivating autopickup; reactivate with Ctrl-A.
You barely miss something. Your kick misses something.
The shadow strikes at you from the darkness!
Reactivating autopickup.
You barely miss the shadow. You peck the shadow.
The shadow is lightly damaged.
The shadow hits you.
You closely miss the shadow. You peck the shadow, but do no damage.
The shadow is lightly damaged.
The shadow hits you.
The shadow slips into darkness.
The shadow flickers and vanishes!
Deactivating autopickup; reactivate with Ctrl-A.
You closely miss something. You claw something.
The shadow strikes at you from the darkness!
Reactivating autopickup.
You slash the shadow! Your peck misses the shadow.
The shadow is heavily damaged.
The shadow hits you.
You hit the shadow but do no damage. Your kick misses the shadow.
You peck the shadow.
The shadow is heavily damaged.
The shadow hits you.
You barely miss the shadow. You claw the shadow.
The shadow is heavily damaged.
The shadow slips into darkness.
The shadow flickers and vanishes!
Deactivating autopickup; reactivate with Ctrl-A.
You miss something. Your peck misses something.
The shadow strikes at you from the darkness!
You die...

### #.. #.# . #.#
....##########.# #.
.......@.....#.# #.
..####'{####...########.
...... ##...........
#........ ##......###.
#.......... ######.# #.
............ #.###.
............. #.#...
.........((... #.#...
#.#...


There were no monsters in sight!

Vanquished Creatures
  Menkaure (D:4)
  An ogre (D:4)
  A necrophage (D:5)
  A scorpion (D:3)
  A hound (D:4)
  A jelly (D:4)
  2 orc wizards
  7 adders
  13 orcs
  5 bats
  7 endoplasms
  3 giant cockroaches
  4 goblins
  8 hobgoblins
  2 jackals (D:2)
  8 kobolds
  3 quokkas
  12 ball pythons
  4 frilled lizards
  6 rats
90 creatures vanquished.

Notes
Turn   | Place    | Note
-------+----------+-------------------------------------------
     0 | D:1      | qw the Tengu Warper began the quest for the Orb.
     0 | D:1      | Reached XP level 1. HP: 12/12 MP: 4/4
     0 | D:1      | 0 ||| qw: Version: 0.1-a-89-g26bdef1
     0 | D:1      | 0 ||| qw: Game counter: 3634
     0 | D:1      | 0 ||| qw: Always use a shield: true
     0 | D:1      | 0 ||| qw: God list: Okawaru
     0 | D:1      | 0 ||| qw: Allow faded altars: false
     0 | D:1      | 0 ||| qw: Do Orc after D:15 true
     0 | D:1      | 0 ||| qw: Do second Lair branch before Depths: true
     0 | D:1      | 0 ||| qw: Lair rune preference: random
     0 | D:1      | 0 ||| qw: Plans: Normal
     0 | D:1      | 0 ||| PLANNING D:1-11
   160 | D:1      | 160 ||| Stepping ~*~*~tactically~*~*~ (stealth).
   176 | D:1      | 176 ||| Stepping ~*~*~tactically~*~*~ (stealth).
   212 | D:1      | 212 ||| Stepping ~*~*~tactically~*~*~ (stealth).
   214 | D:1      | 214 ||| Stepping ~*~*~tactically~*~*~ (stealth).
   215 | D:1      | 215 ||| Stepping ~*~*~tactically~*~*~ (stealth).
   309 | D:1      | Reached skill level 3 in Axes
   309 | D:1      | Reached XP level 2. HP: 17/17 MP: 6/6
   403 | D:1      | 403 ||| Stepping ~*~*~tactically~*~*~ (stealth).
   409 | D:1      | 409 ||| Stepping ~*~*~tactically~*~*~ (stealth).
   410 | D:1      | 410 ||| Stepping ~*~*~tactically~*~*~ (stealth).
   743 | D:1      | Reached XP level 3. HP: 16/21 MP: 7/7
   926 | D:1      | 926 ||| UPGRADING to +0 cloak.
   931 | D:1      | 931 ||| UPGRADING to +0 ring mail.
   941 | D:1      | 941 ||| DROPPING +0 leather armour.
   942 | D:1      | 942 ||| UPGRADING to +1 cloak.
   952 | D:1      | 952 ||| DROPPING +0 cloak.
   953 | D:1      | 953 ||| UPGRADING to +0 scale mail.
   963 | D:1      | 963 ||| DROPPING +0 ring mail.
   964 | D:1      | 964 ||| READING scroll labelled SIAGUYHEMI.
   965 | D:1      | 965 ||| READING 2 scrolls labelled JUDOSM BAHEBB.
   966 | D:1      | 966 ||| READING scroll labelled MEIVATT BITEIPN.
   967 | D:1      | 967 ||| READING scroll labelled QATTAU MOC TOTI.
   968 | D:1      | 968 ||| READING scroll labelled LEGIF CEDO.
   971 | D:1      | 971 ||| DRINKING 2 sedimented amethyst potions.
   972 | D:1      | 972 ||| DROPPING scroll of blinking.
   973 | D:1      | 973 ||| DROPPING potion of brilliance.
  1002 | D:2      | 1002 ||| STAIRDANCE
  1042 | D:2      | Reached skill level 4 in Axes
  1343 | D:2      | Reached XP level 4. HP: 26/26 MP: 8/8
  1510 | D:2      | Found a shimmering blue altar of Sif Muna.
  1621 | D:2      | Reached skill level 5 in Axes
  1777 | D:2      | 1777 ||| READING scroll labelled JIODATZ GOSK.
  1778 | D:2      | 1778 ||| READING scroll labelled FYROOSCH TIESCH.
  1779 | D:2      | 1779 ||| READING scroll labelled WOXKUX PARACS.
  1780 | D:2      | 1780 ||| DRINKING 2 purple potions.
  1781 | D:2      | 1781 ||| DRINKING 2 emerald potions.
  1782 | D:2      | 1782 ||| DROPPING potion of degeneration.
  1841 | D:3      | 1841 ||| Stepping ~*~*~tactically~*~*~ (stealth).
  2021 | D:3      | 2021 ||| Stepping ~*~*~tactically~*~*~ (stealth).
  2030 | D:3      | Found a faded altar of an unknown god.
  2032 | D:3      | Noticed a scorpion
  2037 | D:3      | Killed a scorpion
  2038 | D:3      | Reached skill level 6 in Axes
  2038 | D:3      | Gained mutation: Your magical nature lets you fly swiftly
                  | and evasively. [Tengu growth]
  2038 | D:3      | Reached XP level 5. HP: 30/30 MP: 9/9
  2039 | D:3      | Found a glowing silver altar of Zin.
  2050 | D:3      | 2050 ||| SWAPPING to +0 antimagic hand axe.
  2051 | D:3      | 2051 ||| DROPPING +0 hand axe of venom.
  2124 | D:3      | Found a sparkling altar of Nemelex Xobeh.
  2228 | D:3      | 2228 ||| READING scroll labelled JUADUE FIBICSO.
  2229 | D:3      | 2229 ||| FLEEEEING.
  2230 | D:3      | 2230 ||| FLEEEEING.
  2239 | D:3      | 2239 ||| FLEEEEING.
  2249 | D:3      | 2249 ||| FLEEEEING.
  2250 | D:3      | 2250 ||| FLEEEEING.
  2251 | D:3      | 2251 ||| FLEEEEING.
  2252 | D:3      | 2252 ||| FLEEEEING.
  2258 | D:3      | 2258 ||| STAIRDANCE
  2590 | D:3      | 2590 ||| SWAPPING to +0 war axe.
  2591 | D:3      | 2591 ||| DROPPING +0 antimagic hand axe.
  3015 | D:3      | 3015 ||| DROPPING +6 ring of intelligence.
  3100 | D:4      | Noticed Menkaure
  3101 | D:4      | 3101 ||| Stepping ~*~*~tactically~*~*~ (hiding).
  3102 | D:4      | 3102 ||| Stepping ~*~*~tactically~*~*~ (hiding).
  3112 | D:4      | HP: 3/30 [Menkaure/nerve-wracking pain (6)]
  3113 | D:4      | 3113 ||| READING 2 scrolls of teleportation.
  3114 | D:4      | HP: 1/30 [frozen (2)]
  3220 | D:4      | Killed Menkaure
  3221 | D:4      | Reached skill level 7 in Axes
  3221 | D:4      | Reached XP level 6. HP: 15/35 MP: 10/10
  3222 | D:4      | 3222 ||| Invisible monster not found???
  3298 | D:4      | 3298 ||| Stepping ~*~*~tactically~*~*~ (stealth).
  3313 | D:4      | 3313 ||| Stepping ~*~*~tactically~*~*~ (stealth).
  3461 | D:4      | 3461 ||| Stepping ~*~*~tactically~*~*~ (stealth).
  3464 | D:4      | 3464 ||| FLEEEEING.
  3465 | D:4      | 3465 ||| FLEEEEING.
  3466 | D:4      | 3466 ||| FLEEEEING.
  3467 | D:4      | 3467 ||| FLEEEEING.
  3468 | D:4      | 3468 ||| FLEEEEING.
  3469 | D:4      | 3469 ||| FLEEEEING.
  3470 | D:4      | 3470 ||| FLEEEEING.
  3471 | D:4      | 3471 ||| FLEEEEING.
  3472 | D:4      | 3472 ||| FLEEEEING.
  3473 | D:4      | 3473 ||| FLEEEEING.
  3474 | D:4      | 3474 ||| FLEEEEING.
  3476 | D:4      | 3476 ||| FLEEEEING.
  3477 | D:4      | 3477 ||| FLEEEEING.
  3481 | D:4      | 3481 ||| FLEEEEING.
  3482 | D:4      | 3482 ||| FLEEEEING.
  3483 | D:4      | 3483 ||| FLEEEEING.
  3484 | D:4      | 3484 ||| FLEEEEING.
  3485 | D:4      | 3485 ||| FLEEEEING.
  3498 | D:4      | 3498 ||| FLEEEEING.
  3702 | D:4      | Found a white marble altar of Elyvilon.
  3705 | D:4      | Found a shimmering altar of Xom.
  3742 | D:4      | Reached skill level 3 in Fighting
  3830 | D:4      | Found a staircase to the Ecumenical Temple.
  3831 | D:4      | 3831 ||| PLANNING TEMPLE
  3831 | D:4      | 3831 ||| UPGRADING to +4 ring of protection.
  3832 | D:4      | 3832 ||| READING scroll labelled SUIXZA TYIL.
  3833 | D:4      | 3833 ||| READING 2 scrolls of identify.
  3833 | D:4      | 3833 ||| IDENTIFYING pink potion
  3834 | D:4      | 3834 ||| DROPPING potion of attraction.
  3844 | Temple   | Entered the Ecumenical Temple
  3873 | Temple   | 3873 ||| PLANNING D:1-11
  3935 | D:4      | 3935 ||| DROPPING +0 whip.
  4092 | D:4      | Found a hide-covered altar of Uskayaw.
  4227 | D:4      | Found a runed translucent door.
  4228 | D:4      | Noticed Crazy Yiuf
  4342 | D:4      | 4342 ||| DRINKING 2 viscous puce potions.
  4343 | D:4      | 4343 ||| DROPPING potion of flight.
  4390 | D:5      | Entered Level 5 of the Dungeon
  4394 | D:5      | 4394 ||| STAIRDANCE
  4397 | D:4      | HP: 1/37 [ogre/+0 giant club (20)]
  4398 | D:4      | 4398 ||| READING scroll of teleportation.
  4401 | D:4      | Reached XP level 7. HP: 1/41 MP: 11/11
  4805 | D:5      | Reached skill level 8 in Axes
  4823 | D:5      | Identified the +9 shortbow "Tubaox" {vorpal, Contam rN++
                  | Will+ Str+3}
  5040 | D:5      | Noticed a shadow
  5053 | D:5      | HP: 10/41 [something (9)]
  5057 | D:5      | Mangled by a shadow

Levels and vault maps discovered:
D:1:      matt_arrival_spirals, layout_rooms, minmay_misc_feat_roman
D:2:      layout_loops_ring, basic_altar, minmay_pentomino_o2
D:3:      layout_loops_cross, zin_scriptorium, mainiacjoe_overflow_tiny_flanked,
          ebering_ecumenical_altar_mist, serial_co_window_serial,
          co_window_corner_a, co_window_of_opportunity_a, co_window_corner_a,
          co_window_of_opportunity_a, co_window_of_opportunity_a,
          co_window_corner_cb, co_window_corner_ca, co_window_paths_c,
          co_window_of_opportunity_b, co_window_cross_4, co_window_paths_e,
          co_window_4corner_b, glass_columns_b, due_unseen_surprise
D:4:      layout_loops_cross, nicolae_uskayaw_dance_hall,
          nicolae_overflow_squiral, minmay_temple_entry_purple_smoke,
          uniq_crazy_yiuf_cottage, uniq_menkaure
D:5:      kennysheep_big_flooded_room, layout_basic, minmay_manual_mail
Temple:   corrupted_temple

Skill      XL: |  1  2  3  4  5  6  7 |
---------------+----------------------+-----
Axes           | 3 4 6 7 8 |  8.0
Fighting       | 3 |  3.2
Armour         | 2 |  2.0
Throwing       | |  1.0
Dodging        | |  2.1
Spellcasting   | |  2.0
Translocations | |  2.4

Action                   |  1- 3 |  4- 6 |  7- 9 || total
-------------------------+-------+-------+-------++-------
Melee: Hand axe          |    78 |    55 |       ||   133
       Kick              |    14 |    26 |     4 ||    44
       Peck              |    11 |    11 |     7 ||    29
       Punch             |     2 |       |       ||     2
       War axe           |       |    45 |    33 ||    78
Throw: Boomerang         |     7 |       |       ||     7
       Javelin           |       |    20 |     5 ||    25
  Use: Scroll            |     5 |     8 |       ||    13
       Potion            |     1 |     3 |       ||     4
Armor: Leather armour    |     8 |       |       ||     8
       Scale mail        |    14 |    41 |    14 ||    69
Dodge: Dodged            |    32 |    47 |    13 ||    92

Table legend:
 A = Non-vault XP
 B = Vault XP
 C = Vault XP percentage of total XP
 D = Non-vault monster count
 E = Vault monster count
 F = Vault count percentage of total count
                 A         B        C        D         E       F
            +---------+---------+-------+---------+---------+-------
      Total |     669 |     174 |  20.6 |      87 |       3 |   3.3
            +---------+---------+-------+---------+---------+-------
        D:1 |      41 |       0 |   0.0 |      24 |       0 |   0.0
        D:2 |      78 |       2 |   2.5 |      19 |       2 |   9.5
        D:3 |     135 |       0 |   0.0 |      19 |       0 |   0.0
        D:4 |     264 |     172 |  39.4 |      17 |       1 |   5.6
        D:5 |     151 |       0 |   0.0 |       8 |       0 |   0.0
            +---------+---------+-------+---------+---------+-------
